 Dungeon Crawl Stone Soup version 0.28.0-47-ge53b351184 (webtiles) character file.

Game seed: 1277399479263035618

1703 Bruhh the Basher (level 9, -3/54 HPs)
             Began as a Gargoyle Fighter on May 2, 2022.
             Was a Priest of Nemelex Xobeh.
             Slain by a killer bee (7 damage)
             ... on level 6 of the Dungeon.
             The game lasted 00:17:18 (7826 turns).

Bruhh the Basher (Gargoyle Fighter)                 Turns: 7826, Time: 00:17:20

Health: -3/54      AC: 10    Str: 30    XL:     9   Next: 3%
Magic:  10/12      EV:  9    Int:  9    God:    Nemelex Xobeh [***...]
Gold:   231        SH:  7    Dex:  9    Spells: 8/8 levels left

rFire   . . .      SeeInvis +   a - +0 flail
rCold   . . .      Faith    .   q - +0 kite shield
rNeg    + . .      Spirit   .   v - +0 troll leather armour
rPois   ∞          Reflect  .   (no helmet)
rElec   +          Harm     .   (no cloak)
rCorr   .          Rampage  .   (no gloves)
Will    .....                   (no boots)
Stlth   +.........              (no amulet)
HPRegen 0.98/turn               j - +6 ring of strength
MPRegen 0.13/turn               u - ring of see invisible

@: brilliant
A: sickness immunity, AC +6, negative energy resistance 1, electricity
resistance, torment resistance 1, petrification resistance
a: Renounce Religion, Draw Escape, Draw Destruction, Draw Summoning, Triple Draw


You were on level 6 of the Dungeon.
You worshipped Nemelex Xobeh.
Nemelex Xobeh was most pleased with you.
You visited 1 branch of the dungeon, and saw 6 of its levels.
You also visited: Ossuary.

You collected 231 gold pieces.

Inventory:

Hand Weapons
 a - a +0 flail (weapon)
Missiles
 G - a throwing net (quivered)
Armour
 b - a +0 scale mail
 c - a +0 buckler
 q - a +0 kite shield (worn)
 v - a +0 troll leather armour (worn)
Jewellery
 j - a +6 ring of strength (left hand)
 u - a ring of see invisible (right hand)
 x - a ring of magical power
 H - a ring of resist corrosion
Wands
 s - a wand of iceblast (8)
 y - a wand of digging (12)
Scrolls
 e - a scroll of acquirement {unknown}
 i - 6 scrolls of noise
 k - 5 scrolls of fear {unknown}
 l - 5 scrolls of teleportation {unknown}
 m - a scroll of vulnerability {unknown}
 n - 3 scrolls of magic mapping {unknown}
 o - 2 scrolls of fog {unknown}
 p - 9 scrolls of identify {unknown}
 w - a scroll of torment {unknown}
 A - 2 scrolls of summoning {unknown}
 D - a scroll of immolation
 F - a scroll of amnesia {unknown}
Potions
 d - 2 potions of might
 f - 2 potions of mutation
 g - 3 potions of curing
 h - 2 potions of flight {unknown}
 r - a potion of magic {unknown}
 t - 2 potions of brilliance
 z - 2 potions of cancellation {unknown}
 B - 2 potions of resistance {unknown}
 C - 2 potions of haste {unknown}
 E - 2 potions of heal wounds {unknown}


   Skills:
 + Level 5.4 Fighting
 - Level 10.0 Maces & Flails
 - Level 3.2 Armour
 - Level 3.2 Shields
 + Level 4.0 Invocations


You had 8 spell levels left.
You didn't know any spells.
Your spell library contained the following spells:

 Spells                   Type           Power      Damage    Failure   Level
 Freeze                   Ice            0%         1d3       80%         1
 Corpse Rot               Necr/Air       0%         N/A       91%         2
 Stone Arrow              Conj/Erth      0%         3d7       99%         3
 Animate Armour           Summ/Erth      0%         N/A       100%        4
 Freezing Cloud           Conj/Ice/Air   0%         6-21      100%        5
 Ozocubu's Refrigeration  Ice            0%         4d5       100%        7
 Lehudib's Crystal Spear  Conj/Erth      0%         10d2      100%        8


Dungeon Overview and Level Annotations

Branches:
Dungeon (6/15)            Ossuary (visited)
 Temple: D:4-7

Altars:
Nemelex Xobeh
Sif Muna

Shops:
D:4 (*   D:6 [

Annotations:
D:3 3 runed translucent doors, maxonian's ghost, amateur MiNe
D:6 3 runed translucent doors


Innate Abilities, Weirdness & Mutations

You are immune to sickness and miasma.
Your stone body is resilient. (AC +6)
You are immune to poison.
You resist negative energy. (rN+)
You are resistant to electric shocks. (rElec)
You are resistant to unholy torment.
You are immune to petrification.


Message History

The killer bee stings you but does no damage.
The killer bee stings you.
* * * LOW HITPOINT WARNING * * *
The killer bee barely misses you. The killer bee closely misses you.
The killer bee stings you.
* * * LOW HITPOINT WARNING * * *
You block the killer bee's attack. The killer bee stings you.
* * * LOW HITPOINT WARNING * * *
Okay, then.
Unknown command.
The killer bee closely misses you.
Okay, then.
Okay, then.
It was a potion of brilliance.
You feel clever all of a sudden. You block the killer bee's attack.
The killer bee stings you but does no damage.
The killer bee stings you.
* * * LOW HITPOINT WARNING * * *
The killer bee barely misses you. The killer bee stings you.
* * * LOW HITPOINT WARNING * * *
You block the killer bee's attack.
The killer bee stings you but does no damage.
You feel better. You block the killer bee's attack.
The killer bee barely misses you.
The killer bee stings you but does no damage.
The killer bee closely misses you. The killer bee stings you!
* * * LOW HITPOINT WARNING * * *
The killer bee stings you.
* * * LOW HITPOINT WARNING * * *
The killer bee stings you but does no damage. x2
You feel better.
The killer bee stings you but does no damage.
The killer bee stings you!
* * * LOW HITPOINT WARNING * * *
You block the killer bee's attack. x2
The killer bee stings you but does no damage. x3
The killer bee stings you!
You die...
Your body disappears without a glow.

..# #.. ##.# .... ##..#
.... #.#### ..# ....###
#. #....###..#####
....... ##..
####........... ..#....
..... ###...........
.......
.....######.............
.......
........#....÷.......>..
.###...
.......yy...............
##.....
.......y@..)............
...# #.
......§y................
####
.......§................
#.......................
#.......................
#...............########
##.............##
##.....#........
#######.##+++##.


You could see 4 killer bees.

Vanquished Creatures
  Duvessa (D:5)
  A necrophage (D:4)
  A swamp drake (D:5)
  A wyvern skeleton (D:6)
  A scorpion (D:4)
  Dowan (D:5)
  2 centaur zombies
  A human zombie (Ossuary)
  4 hounds
  Ijyb (D:4)
  An iguana (D:5)
  A hound skeleton (D:5)
  3 mummies (Ossuary)
  3 gnolls (D:3)
  8 adders
  A white imp (D:4)
  An ufetubus (D:5)
  2 adder skeletons
  An adder zombie (D:5)
  A worm (D:3)
  3 dart slugs
  10 orcs
  4 bats
  7 endoplasms
  5 giant cockroaches
  6 goblins
  A hobgoblin (D:2)
  5 jackals
  5 quokkas
  9 ball pythons
  4 frilled lizards
  2 gnoll zombies (Ossuary)
  2 goblin zombies (Ossuary)
  A hobgoblin zombie (Ossuary)
  6 kobolds
  An orc zombie (Ossuary)
  3 rats
110 creatures vanquished.

Vanquished Creatures (collateral kills)
  A troll (D:6)
  Grinder (D:5)
  An ogre (D:6)
  A jelly (D:3)
  An orc priest (D:3)
  An iguana (D:6)
  A howler monkey zombie (D:6)
  3 gnolls (D:3)
  An adder (D:6)
  An orc (D:3)
12 creatures vanquished.

Vanquished Creatures (others)
  3 fungi (D:6)
3 creatures vanquished.

Grand Total: 125 creatures vanquished

Notes
Turn   | Place    | Note
-------+----------+-------------------------------------------
     0 | D:1      | Bruhh the Gargoyle Fighter began the quest for the Orb.
     0 | D:1      | Reached XP level 1. HP: 14/14 MP: 1/1
   160 | D:1      | Reached XP level 2. HP: 18/19 MP: 2/2
   326 | D:1      | Reached skill level 3 in Maces & Flails
   690 | D:1      | Reached XP level 3. HP: 23/23 MP: 3/3
  1202 | D:2      | Reached skill level 4 in Maces & Flails
  1283 | D:2      | Found a faded altar of an unknown god.
  1534 | D:2      | Prayed at the altar of an unknown god.
  1534 | D:2      | Became a worshipper of Nemelex Xobeh the Trickster
  1534 | D:2      | Reached * piety under Nemelex Xobeh
  1534 | D:2      | Received a gift from Nemelex Xobeh
  1614 | D:2      | Reached XP level 4. HP: 28/28 MP: 4/4
  2274 | D:3      | Reached skill level 5 in Maces & Flails
  2304 | D:3      | Received a gift from Nemelex Xobeh
  2364 | D:3      | Reached XP level 5. HP: 32/32 MP: 5/5
  2380 | D:3      | Reached ** piety under Nemelex Xobeh
  2896 | D:3      | Found a runed translucent gate.
  2899 | D:3      | Found a runed translucent gate.
  2899 | D:3      | Found a runed translucent gate.
  2902 | D:3      | Noticed maxonian's ghost (amateur MiNe)
  3460 | D:4      | Found Ohac's Weapon Emporium.
  4112 | D:3      | Reached skill level 6 in Maces & Flails
  4112 | D:3      | Reached XP level 6. HP: 3/37 MP: 6/6
  4707 | D:4      | Found a shimmering blue altar of Sif Muna.
  4764 | D:4      | Noticed Ijyb
  4770 | D:4      | Killed Ijyb
  4776 | D:4      | Reached skill level 7 in Maces & Flails
  4853 | D:4      | Found Yrchog's Assorted Antiques.
  4900 | D:4      | Noticed a necrophage
  4903 | D:4      | Killed a necrophage
  4904 | D:4      | Reached XP level 7. HP: 41/41 MP: 7/7
  5161 | D:5      | Entered Level 5 of the Dungeon
  5296 | D:5      | Reached *** piety under Nemelex Xobeh
  5296 | D:5      | Received a gift from Nemelex Xobeh
  5304 | D:5      | Got the Disquisition on Snow and Stolen Souls
  5406 | D:5      | Reached skill level 8 in Maces & Flails
  5715 | D:5      | Found a sand-covered staircase.
  5717 | D:5      | Noticed Dowan
  5718 | D:5      | Noticed Duvessa
  5722 | Ossuary  | Entered an ossuary
  6334 | D:5      | Killed Duvessa
  6351 | D:5      | Killed Dowan
  6352 | D:5      | Reached skill level 9 in Maces & Flails
  6352 | D:5      | Reached XP level 8. HP: 18/46 MP: 8/8
  6641 | D:5      | Noticed Grinder
  6646 | D:5      | Killed Grinder
  7351 | D:6      | Reached skill level 10 in Maces & Flails
  7351 | D:6      | Reached skill level 1 in Invocations
  7538 | D:6      | Found Getoufroutag's Armour Shoppe.
  7574 | D:6      | Noticed a troll
  7590 | D:6      | Killed a troll
  7791 | D:6      | Found a runed translucent gate.
  7791 | D:6      | Found a runed translucent gate.
  7791 | D:6      | Found a runed translucent gate.
  7792 | D:6      | Noticed a kobold demonologist
  7804 | D:6      | Reached skill level 5 in Fighting
  7821 | D:6      | Reached XP level 9. HP: 6/54 MP: 10/12
  7825 | D:6      | HP: 2/54 [killer bee (1)]
  7826 | D:6      | Slain by a killer bee

Illustrated notes

Levels and vault maps discovered:
D:1:      saegor_arrival_simple_d, layout_basic
D:2:      layout_rooms, dilly_ecumenical_altar_fadedgnrine
D:3:      layout_basic, gammafunk_ghost_necromancy, portal_sewer_entry_d,
          hex_medium
D:4:      layout_cave_pools, mainiacjoe_overflow_six_doors_small, serial_shops,
          shop, nicolae_shop_bloodbath_and_beyond, kennysheep_generic_room_4,
          uniq_ijyb
D:5:      layout_layer_cave, lightli_ossuary_entry_decrepit_ruins, serial_glass,
          glass_columns_a, glass_columns_b, uniq_duvessa, uniq_grinder
D:6:      layout_rooms, gammafunk_ghost_nasty_kobolds, serial_shops, shop

Skill      XL: |  1  2  3  4  5  6  7  8 |
---------------+-------------------------+-----
Maces & Flails | 3 4 5 6 7 9 10 | 10.0
Invocations    | 4 |  4.0
Fighting       | 5 |  5.4
Armour         | |  3.2
Shields        | |  3.2

Action                   |  1- 3 |  4- 6 |  7- 9 || total
-------------------------+-------+-------+-------++-------
Melee: Flail             |   124 |   134 |   223 ||   481
Throw: Throwing net      |       |       |     1 ||     1
Invok: Draw Destruction  |       |     4 |     6 ||    10
       Draw Summoning    |       |     2 |     5 ||     7
       Draw Escape       |       |     3 |     1 ||     4
  Use: Potion            |       |       |     5 ||     5
 Stab: Distracted        |       |     1 |       ||     1
Armor: Scale mail        |    82 |    82 |   108 ||   272
       Troll leather arm |       |       |    33 ||    33
Dodge: Dodged            |    77 |    70 |    87 ||   234
Block: Buckler           |    31 |    19 |       ||    50
       Kite shield       |       |    23 |   110 ||   133
